 Dungeon Crawl Stone Soup version 0.31-a0-182-gc5ef74bbde (webtiles) character file.

Game seed: 7665949086513562066

99971 qw the Severer (level 16, 0/104 HPs)
             Began as a Gargoyle Fighter on June 21, 2023.
             Was an Elder of Okawaru.
             Slain by a demonic crawler (7 damage)
             ... on level 1 of the Spider Nest.
             The game lasted 00:12:33 (20662 turns).

qw the Severer (Gargoyle Fighter)                  Turns: 20662, Time: 00:12:33

Health: 0/104      AC: 43    Str: 26    XL:     16   Next: 26%
Magic:  23/23      EV: 16    Int:  9    God:    Okawaru [****..]
Gold:   678        SH:  7    Dex: 13    Spells: 15/15 levels left

rFire   + + .        A - +2 broad axe (drain)
rCold   + + +        c - +0 buckler
rNeg    + . .        z - +3 plate armour {rC+}
rPois   inf          p - +1 helmet
rElec   +            k - +0 cloak
rCorr   .            y - +2 pair of gloves
SInv    +            s - +0 pair of boots
Will    +....        h - amulet of faith
Stlth   x              - ring "Colot" {Fly rF++ rC++}
HPRegen 0.37/turn    g - +5 ring of evasion
MPRegen 0.18/turn

%: random rage (3%), faith
@: heroic, flying
A: sickness immunity, AC +12, big wings, negative energy resistance 1,
electricity resistance, torment resistance 1, petrification resistance, see
invisible, agile 1, berserk 1
a: Renounce Religion, Heroism, Finesse


You were on level 1 of the Spider Nest.
You worshipped Okawaru.
Okawaru was greatly pleased with you.
You visited 5 branches of the dungeon, and saw 24 of its levels.
You visited the Abyss 2 times.
You also visited: Gauntlet.

You collected 2039 gold pieces.
You spent 1361 gold pieces at shops.


Innate Abilities, Weirdness & Mutations

You are immune to sickness and miasma.
Your stone body is resilient. (AC +12)
You are immune to poison.
Your large and strong wings let you fly.
You resist negative energy. (rN+)
You are resistant to electric shocks. (rElec)
You are resistant to unholy torment.
You are immune to petrification.
You have supernaturally acute eyesight. (SInv)
You are agile. (Dex +4, Str/Int -1)
You sometimes lose your temper in combat.


   Skills:
 - Level 13.0(18.0) Fighting
 + Level 17.8(22.8) Axes
 - Level 6.0(11.0) Throwing
 - Level 13.0(18.0) Armour
 - Level 4.3(9.3) Dodging
 - Level 8.2(13.2) Shields
 - Level 10.1 Invocations


You had 15 spell levels left.
You didn't know any spells.
Your spell library was empty.

Inventory:

Hand Weapons
 r - the +3 morningstar of Weutap {freeze, rElec rPois rN+ Dex+3}
   (You found it on level 4 of the Lair of Beasts)

   Dex:       It affects your dexterity (+3).
   rElec:     It insulates you from electricity.
   rPois:     It protects you from poison.
   rN:        It protects you from negative energy.
 A - a +2 broad axe of draining (weapon)
 G - a +0 broad axe
Missiles
 u - 5 boomerangs (quivered)
Armour
 b - +0 fire dragon scales
 c - a +0 buckler (worn)
 k - a +0 cloak (worn)
 o - +0 acid dragon scales
 p - a +1 helmet (worn)
 s - a +0 pair of boots (worn)
 y - a +2 pair of gloves (worn)
 z - a +3 plate armour of cold resistance (worn)
Jewellery
 f - a ring of resist corrosion
 g - a +5 ring of evasion (right hand)
 h - an amulet of faith (around neck)
 v - an amulet of reflection
 w - a +6 ring of strength
 x - the ring "Colot" (left hand) {Fly rF++ rC++}
   (You took it off a minotaur in a Gauntlet)

   [ring of flight]

   rF:        It greatly protects you from fire.
   rC:        It greatly protects you from cold.
   Fly:       It grants you flight.
 C - a ring of protection from fire
 Y - the ring of Anamivex {*Corrode *Slow rC+ Str+10 Dex+3}
   (You found it in a Gauntlet)

   [ring of protection from cold]

   Str:       It affects your strength (+10).
   Dex:       It affects your dexterity (+3).
   rC:        It protects you from cold.
   *Corrode:  It may corrode you when you take damage.
   *Slow:     It may slow you when you take damage.
Scrolls
 e - 9 scrolls of identify
Potions
 a - 7 potions of curing
 d - 4 potions of might
 i - 4 potions of attraction
 j - 5 potions of enlightenment
 l - 3 potions of lignification
 n - a potion of resistance
 q - a potion of magic
 t - 2 potions of haste

Dungeon Overview and Level Annotations

Branches:
Dungeon (15/15)            Temple (1/1) D:7            Lair (5/5) D:8
 Shoals (0/4) Lair:2       Spider (1/4) Lair:3        Slime (0/5) Lair:5
    Orc (2/2) D:9             Elf (0/3) Orc:2        Vaults (0/5) D:14
 Depths (0/4) D:15        Gauntlet (visited)

Altars:
Ashenzari
Cheibriados
Dithmenos
Elyvilon
Fedhas
Gozag
Hepliaklqana
Kikubaaqudgha
Makhleb
Nemelex Xobeh
Okawaru
Qazlal
Ru
Sif Muna
Trog
Uskayaw
Vehumet
Wu Jian
Xom
Yredelemnul
Zin
The Shining One
Jiyva

Shops:
D:6 ?   D:11 :   Orc:2 =?==[

Portals:
Hell: Lair:5

Annotations:
D:3 exclusion: endoplasm
D:8 2 runed translucent doors
Lair:2 1 runed translucent door, qw's ghost, journeyman GrHu
Orc:1 exclusions: 4 orcs, 3 orc warriors, orc wizard, redback, tarantella and 3 wolf spiders


Message History

Enter note: You barely miss the demonic crawler.
The demonic crawler closely misses you. x2; The demonic crawler hits you!
You barely miss the demonic crawler.
The jumping spider leaps!
The demonic crawler barely misses you. x2
The demonic crawler hits you but does no damage.
You slash the demonic crawler!
The demonic crawler is moderately wounded.
The jumping spider leaps! x2
You slash the demonic crawler!
The demonic crawler is heavily wounded.
The demonic crawler hits you but does no damage.
The demonic crawler misses you. The demonic crawler hits you!
You barely miss the demonic crawler.
The demonic crawler is moderately wounded.
You closely miss the tarantella. You closely miss the jumping spider.
The jumping spider leaps!
The demonic crawler closely misses you. You block the demonic crawler's attack.
The demonic crawler closely misses you. The tarantella closely misses you.
You barely miss the demonic crawler.
The demonic crawler is moderately wounded.
The jumping spider's many legs skitter faintly.
You slice the tarantella!!
A redback comes into view.
You block the demonic crawler's attack.
The demonic crawler hits you but does no damage. x2
The jumping spider leaps!
You block the tarantella's attack.
You barely miss the tarantella.
The tarantella is severely wounded.
You barely miss the demonic crawler.
The demonic crawler hits you but does no damage.
The demonic crawler closely misses you. You block the demonic crawler's attack.
The tarantella touches you.
You slash the tarantella!
You kill the tarantella!
Okawaru accepts your kill.
You hit the demonic crawler but do no damage.
The demonic crawler hits you but does no damage.
The demonic crawler hits you!
You die...

....... ....... ......!
...?..^### .........#
.........# .......^.#
.........0.....s@s#
...................#
...................#
.....s...............
......................
.sss.........s..........
ssss..................#.
..ss...................
s........ss


You could see a demonic crawler, a jumping spider and a redback.

Vanquished Creatures
  Rupert (D:13)
  A tentacled starspawn (Abyss:3)
  Frances (D:14)
  Kirke (D:12)
  A lorocyproca (Abyss:3)
  A minotaur (Gauntlet)
  Josephine (Lair:4)
  Erolcha (D:9)
  A rakshasa (Abyss:2)
  2 fire dragons (D:15)
  3 catoblepae
  7 centaur warriors
  A vault guard (D:14)
  Erica (D:9)
  7 hydras
  5 boulder beetles
  4 two-headed ogres
  8 orc high priests (Orc:2)
  8 death yaks
  A thrashing horror (Abyss:3)
  3 skysharks (Lair:5)
  A sixfirhy (Lair:5)
  An orc knight (Orc:1)
  2 necromancers (D:14)
  4 wizards
  5 wolf spiders (Spider:1)
  An ugly thing (D:13)
  A steelbarb worm (Spider:1)
  2 oklob plants
  2 cyclopes
  A worldbinder (Abyss:2)
  6 elephants (Lair:5)
  An elephant (shapeshifter) (D:15)
  A manticore (D:12)
  2 torpor snails
  4 black mambas
  A rust devil (Gauntlet)
  2 molten gargoyles (Gauntlet)
  5 gargoyles
  A smoke demon (Abyss:2)
  Maggie (Lair:1)
  A dire elephant skeleton (Abyss:2)
  4 orange demons
  A cane toad (shapeshifter) (D:15)
  9 cane toads
  An unseen horror (D:11)
  15 komodo dragons
  A kobold demonologist (D:9)
  An efreet (D:14)
  4 rime drakes (Lair:5)
  2 ice devils (Lair:5)
  2 ancient zymes
  6 meliai
  A meliai (shapeshifter) (Abyss:3)
  3 trolls
  A hellwing (Lair:5)
  A polar bear (Lair:2)
  A tarantella (shapeshifter) (Abyss:2)
  A hornet (D:7)
  5 tarantellas (Spider:1)
  26 blink frogs
  4 raiju (Abyss:2)
  10 dream sheep
  11 slime creatures
  4 jumping spiders (Spider:1)
  A water elemental (D:15)
  2 shadows
  2 ynoxinuls
  5 wyverns
  A vampire (D:9)
  3 culicivoras (Spider:1)
  2 starcursed masses (Abyss:3)
  3 wraiths (Lair:4)
  18 humans (D:14)
  2 large abominations
  22 yaks
  A steam dragon (D:5)
  4 hogs (D:12)
  13 redbacks (Spider:1)
  3 basilisks
  14 vampire mosquitoes
  A neqoxec (Abyss:3)
  3 acid dragons
  3 wargs (Orc:2)
  5 hell hounds (Lair:5)
  16 water moccasins
  A black bear (D:8)
  A sky beast (D:7)
  10 orc warriors
  3 ice beasts
  3 ogres
  14 centaurs
  3 small abominations
  12 bullfrogs
  A scorpion (D:8)
  8 wights
  5 killer bees (D:10)
  2 electric eels (Lair:3)
  2 howler monkeys (D:10)
  A quasit (Abyss:2)
  A jelly (D:6)
  39 orc priests
  7 hounds
  A gnoll bouda (D:6)
  3 iron imps (Gauntlet)
  5 sleepcaps
  5 iguanas
  12 orc wizards
  6 adders
  6 gnolls
  2 white imps (Abyss:2)
  3 ufetubi
  6 worms
  4 dart slugs
  68 orcs
  9 endoplasms
  6 giant cockroaches
  2 goblins (D:2)
  5 hobgoblins
  3 jackals (D:5)
  4 quokkas
  5 ball pythons (D:1)
  4 bats
  5 frilled lizards
  3 kobolds
  10 rats
632 creatures vanquished.

Vanquished Creatures (others)
  A redback (Spider:1)
  A starspawn tentacle (Abyss:3)
2 creatures vanquished.

Grand Total: 634 creatures vanquished

Notes
Turn   | Place    | Note
-------+----------+-------------------------------------------
     0 | D:1      | qw the Gargoyle Fighter began the quest for the Orb.
     0 | D:1      | Reached XP level 1. HP: 14/14 MP: 1/1
     0 | D:1      | 0 ||| qw: Version: 0.3-a-9-g12657ce
     0 | D:1      | 0 ||| qw: Game counter: 1623
     0 | D:1      | 0 ||| qw: Always use a shield: true
     0 | D:1      | 0 ||| qw: God list: Okawaru
     0 | D:1      | 0 ||| qw: Allow faded altars: false
     0 | D:1      | 0 ||| qw: Do Orc after D:15 true
     0 | D:1      | 0 ||| qw: Do second Lair branch before Depths: true
     0 | D:1      | 0 ||| qw: Lair rune preference: random
     0 | D:1      | 0 ||| qw: Plans: Normal, Zot:1-4, Slime:5, God:TSO, Crypt,
                  | Tomb, Abyss, Pan, Hells, Win
     0 | D:1      | 0 ||| PLANNING D:1-11
    21 | D:1      | 21 ||| Stepping ~*~*~tactically~*~*~ (hiding).
    28 | D:1      | Reached skill level 2 in Axes
   179 | D:1      | Reached XP level 2. HP: 15/19 MP: 2/2
   395 | D:1      | Reached skill level 3 in Axes
   512 | D:1      | Reached XP level 3. HP: 23/23 MP: 3/3
   578 | D:1      | 578 ||| Stepping ~*~*~tactically~*~*~ (stealth).
   748 | D:1      | 748 ||| UPGRADING to +6 ring of strength.
   749 | D:1      | 749 ||| READING 3 scrolls labelled EPTEHUA HIAST.
   750 | D:1      | 750 ||| READING 2 scrolls of enchant weapon.
   750 | D:1      | 750 ||| ENCHANTING +1 war axe.
   751 | D:1      | 751 ||| READING scroll of enchant weapon.
   751 | D:1      | 751 ||| ENCHANTING +2 war axe.
   752 | D:1      | 752 ||| READING scroll labelled LUOPIBL XEGRE.
   753 | D:1      | 753 ||| READING scroll labelled TUACEM NONO ITOEM.
   758 | D:2      | Found a faded altar of an unknown god.
   862 | D:2      | 862 ||| Stepping ~*~*~tactically~*~*~ (stealth).
   863 | D:2      | 863 ||| Stepping ~*~*~tactically~*~*~ (stealth).
   882 | D:2      | 882 ||| Stepping ~*~*~tactically~*~*~ (stealth).
   883 | D:2      | 883 ||| Stepping ~*~*~tactically~*~*~ (stealth).
   954 | D:2      | Reached XP level 4. HP: 28/28 MP: 4/4
  1026 | D:2      | 1026 ||| Stepping ~*~*~tactically~*~*~ (stealth).
  1126 | D:2      | Reached skill level 4 in Axes
  1603 | D:2      | 1603 ||| UPGRADING to +2 chain mail of poison resistance.
  1613 | D:2      | 1613 ||| DROPPING +0 scale mail.
  1614 | D:2      | 1614 ||| UPGRADING to amulet of regeneration.
  1619 | D:2      | 1619 ||| UPGRADING to +5 ring of evasion.
  1620 | D:2      | 1620 ||| READING scroll labelled VIADODUN YCKA.
  1621 | D:2      | 1621 ||| READING 2 scrolls labelled URASSU VOIKLOSS.
  1622 | D:2      | 1622 ||| READING scroll labelled NICWAH PAITHIA.
  1623 | D:2      | 1623 ||| DRINKING 2 bubbling purple potions.
  1673 | D:2      | 1673 ||| DROPPING scroll of fear.
  1753 | D:3      | 1753 ||| READING scroll labelled YCIM NUONAIQONEOWK.
  1757 | D:3      | 1757 ||| FLEEEEING.
  1807 | D:3      | 1807 ||| DROPPING +0 whip.
  1832 | D:3      | 1832 ||| DROPPING +0 mace.
  1905 | D:3      | Found an ornate altar of the Wu Jian Council.
  2144 | D:3      | 2144 ||| DROPPING +0 flail.
  2227 | D:3      | Found a burning altar of Makhleb.
  2335 | D:3      | 2335 ||| READING scroll labelled SALASKUISM.
  2336 | D:3      | 2336 ||| DRINKING 2 brown potions.
  2474 | D:4      | 2474 ||| Stepping ~*~*~tactically~*~*~ (stealth).
  2480 | D:4      | Reached XP level 5. HP: 31/32 MP: 5/5
  2491 | D:4      | 2491 ||| DROPPING +2 flail of protection.
  2521 | D:4      | 2521 ||| Stepping ~*~*~tactically~*~*~ (hiding).
  2531 | D:4      | Reached skill level 5 in Axes
  2763 | D:4      | Found a hazy altar of Hepliaklqana.
  3086 | D:4      | 3086 ||| READING 3 scrolls labelled OMYCVETT MONIU.
  3087 | D:4      | 3087 ||| READING 3 scrolls of identify.
  3087 | D:4      | 3087 ||| IDENTIFYING fizzy red potion
  3088 | D:4      | 3088 ||| READING 2 scrolls of identify.
  3088 | D:4      | 3088 ||| IDENTIFYING sedimented silvery potion
  3089 | D:4      | 3089 ||| DROPPING 2 scrolls of fog.
  3141 | D:5      | Entered Level 5 of the Dungeon
  3279 | D:5      | 3279 ||| Stepping ~*~*~tactically~*~*~ (hiding).
  3286 | D:5      | Reached XP level 6. HP: 38/38 MP: 6/6
  3308 | D:5      | 3308 ||| Stepping ~*~*~tactically~*~*~ (stealth).
  3309 | D:5      | 3309 ||| Stepping ~*~*~tactically~*~*~ (stealth).
  3335 | D:5      | 3335 ||| Stepping ~*~*~tactically~*~*~ (stealth).
  3336 | D:5      | 3336 ||| Stepping ~*~*~tactically~*~*~ (stealth).
  3385 | D:5      | 3385 ||| Stepping ~*~*~tactically~*~*~ (stealth).
  3386 | D:5      | 3386 ||| Stepping ~*~*~tactically~*~*~ (stealth).
  3657 | D:5      | Reached skill level 6 in Axes
  4052 | D:5      | Reached skill level 1 in Dodging
  4052 | D:5      | Reached XP level 7. HP: 38/43 MP: 7/7
  4078 | D:5      | Found a shadowy altar of Dithmenos.
  4438 | D:5      | 4438 ||| UPGRADING to +0 pair of gloves.
  4443 | D:5      | 4443 ||| READING scroll labelled COLYICKUWUTT.
  4444 | D:5      | 4444 ||| READING 2 scrolls of identify.
  4444 | D:5      | 4444 ||| IDENTIFYING golden potion
  4473 | D:6      | 4473 ||| Stepping ~*~*~tactically~*~*~ (hiding).
  4477 | D:6      | Noticed a steam dragon
  4484 | D:6      | 4484 ||| STAIRDANCE
  4492 | D:5      | Killed a steam dragon
  4493 | D:5      | 4493 ||| Stepping ~*~*~tactically~*~*~ (cloud).
  4495 | D:5      | 4495 ||| Stepping ~*~*~tactically~*~*~ (cloud).
  4566 | D:6      | Reached skill level 7 in Axes
  4948 | D:6      | Reached XP level 8. HP: 50/50 MP: 8/8
  4954 | D:6      | 4954 ||| STAIRDANCE
  4983 | D:6      | Reached skill level 1 in Throwing
  5188 | D:6      | 5188 ||| Stepping ~*~*~tactically~*~*~ (stealth).
  5190 | D:6      | 5190 ||| Stepping ~*~*~tactically~*~*~ (stealth).
  5433 | D:6      | Found Maripon's Magic Scroll Shop.
  5441 | D:6      | 5441 ||| BUYING scroll of enchant armour (105 gold).
  5441 | D:6      | Bought a scroll of enchant armour for 105 gold pieces
  5441 | D:6      | 5441 ||| BUYING scroll of identify (28 gold).
  5441 | D:6      | Bought a scroll of identify for 28 gold pieces
  5441 | D:6      | 5441 ||| BUYING scroll of identify (28 gold).
  5441 | D:6      | Bought a scroll of identify for 28 gold pieces
  5441 | D:6      | 5441 ||| BUYING scroll of identify (28 gold).
  5441 | D:6      | Bought a scroll of identify for 28 gold pieces
  5441 | D:6      | 5441 ||| BUYING scroll of teleportation (42 gold).
  5441 | D:6      | Bought a scroll of teleportation for 42 gold pieces
  5441 | D:6      | 5441 ||| READING scroll of enchant armour.
  5441 | D:6      | 5441 ||| ENCHANTING +0 pair of gloves.
  5448 | D:6      | Reached skill level 8 in Axes
  5479 | D:6      | Reached skill level 6 in Fighting
  5632 | D:6      | 5632 ||| READING 6 scrolls of identify.
  5632 | D:6      | 5632 ||| IDENTIFYING ruby potion
  5633 | D:6      | 5633 ||| READING 5 scrolls of identify.
  5633 | D:6      | 5633 ||| IDENTIFYING grey potion
  5634 | D:6      | 5634 ||| READING 4 scrolls of identify.
  5634 | D:6      | 5634 ||| IDENTIFYING yellow potion
  5635 | D:6      | 5635 ||| READING 3 scrolls of identify.
  5635 | D:6      | 5635 ||| IDENTIFYING murky green potion
  5636 | D:6      | 5636 ||| DROPPING potion of brilliance.
  5637 | D:6      | 5637 ||| DROPPING potion of degeneration.
  5654 | D:7      | Found a staircase to the Ecumenical Temple.
  5655 | D:7      | 5655 ||| PLANNING TEMPLE
  5664 | Temple   | Entered the Ecumenical Temple
  5665 | Temple   | 5665 ||| PLANNING OKAWARU WORSHIP
  5671 | Temple   | Became a worshipper of Warmaster Okawaru
  5672 | Temple   | 5672 ||| PLANNING D:1-11
  5713 | D:7      | 5713 ||| Stepping ~*~*~tactically~*~*~ (hiding).
  5714 | D:7      | 5714 ||| Stepping ~*~*~tactically~*~*~ (hiding).
  5866 | D:7      | Noticed a hornet
  5873 | D:7      | Killed a hornet
  5873 | D:7      | Reached * piety under Okawaru
  5874 | D:7      | Reached skill level 9 in Axes
  5882 | D:7      | 5882 ||| Stepping ~*~*~tactically~*~*~ (hiding).
  5884 | D:7      | 5884 ||| INVOKING Heroism.
  5895 | D:7      | 5895 ||| STAIRDANCE
  5897 | D:6      | 5897 ||| INVOKING Heroism.
  5899 | D:6      | Reached XP level 9. HP: 31/55 MP: 5/9
  5962 | D:7      | Reached skill level 1 in Invocations
  6013 | D:7      | Found an ancient bone altar of Kikubaaqudgha.
  6013 | D:7      | Found a shimmering blue altar of Sif Muna.
  6084 | D:7      | Reached skill level 3 in Invocations
  6119 | D:7      | Found an opulent altar of Gozag.
  6203 | D:7      | 6203 ||| DROPPING ring of see invisible.
  6296 | D:8      | Found a large runed translucent door.
  6297 | D:8      | Found a large runed translucent door.
  6325 | D:8      | 6325 ||| INVOKING Heroism.
  6413 | D:8      | Found a stormy altar of Qazlal.
  6417 | D:8      | 6417 ||| Stepping ~*~*~tactically~*~*~ (hiding).
  6426 | D:8      | 6426 ||| Stepping ~*~*~tactically~*~*~ (stealth).
  6495 | D:8      | 6495 ||| Stepping ~*~*~tactically~*~*~ (hiding).
  6622 | D:8      | 6622 ||| INVOKING Heroism.
  6637 | D:8      | Reached ** piety under Okawaru
  6647 | D:8      | 6647 ||| Stepping ~*~*~tactically~*~*~ (stealth).
  6654 | D:8      | Reached skill level 10 in Axes
  6663 | D:8      | Found a staircase to the Lair.
  6686 | D:8      | Noticed a komodo dragon
  6687 | D:8      | Noticed a komodo dragon
  6687 | D:8      | 6687 ||| INVOKING Heroism.
  6699 | D:8      | Killed a komodo dragon
  6700 | D:8      | Reached XP level 10. HP: 47/64 MP: 11/13
  6858 | D:8      | 6858 ||| UPGRADING to +0 plate armour.
  6868 | D:8      | 6868 ||| PLANNING LAIR
  6868 | D:8      | 6868 ||| DROPPING +2 chain mail of poison resistance.
  6869 | D:8      | 6869 ||| READING scroll labelled YGO YD IRPHEPA.
  6869 | D:8      | Found a bloodstained altar of Trog.
  6869 | D:8      | Found a broken altar of Ashenzari.
  6870 | D:8      | 6870 ||| READING 3 scrolls of identify.
  6870 | D:8      | 6870 ||| IDENTIFYING white potion
  6894 | Lair:1   | Entered Level 1 of the Lair of Beasts
  6898 | Lair:1   | 6898 ||| Stepping ~*~*~tactically~*~*~ (hiding).
  6900 | Lair:1   | 6900 ||| Stepping ~*~*~tactically~*~*~ (hiding).
  6927 | Lair:1   | Reached *** piety under Okawaru
  6932 | Lair:1   | 6932 ||| Stepping ~*~*~tactically~*~*~ (stealth).
  6934 | Lair:1   | 6934 ||| INVOKING Heroism.
  6941 | Lair:1   | Reached skill level 6 in Armour
  6952 | Lair:1   | 6952 ||| Stepping ~*~*~tactically~*~*~ (stealth).
  6958 | Lair:1   | 6958 ||| INVOKING Heroism.
  7052 | Lair:1   | Noticed a cane toad
  7053 | Lair:1   | 7053 ||| Stepping ~*~*~tactically~*~*~ (stealth).
  7062 | Lair:1   | 7062 ||| Stepping ~*~*~tactically~*~*~ (stealth).
  7063 | Lair:1   | 7063 ||| Stepping ~*~*~tactically~*~*~ (stealth).
  7148 | Lair:1   | Noticed Maggie
  7159 | Lair:1   | Killed Maggie
  7160 | Lair:1   | Reached skill level 11 in Axes
  7186 | Lair:1   | 7186 ||| INVOKING Heroism.
  7210 | Lair:1   | Noticed a black mamba
  7211 | Lair:1   | 7211 ||| INVOKING Heroism.
  7226 | Lair:1   | 7226 ||| INVOKING Heroism.
  7228 | Lair:1   | Killed a black mamba
  7300 | Lair:1   | 7300 ||| READING scroll of enchant weapon.
  7300 | Lair:1   | 7300 ||| ENCHANTING +3 war axe of venom.
  7371 | Lair:1   | Noticed a black mamba
  7372 | Lair:1   | 7372 ||| INVOKING Heroism.
  7377 | Lair:1   | Killed a black mamba
  7378 | Lair:1   | Reached XP level 11. HP: 69/69 MP: 11/14
  7489 | Lair:1   | 7489 ||| INVOKING Heroism.
  7494 | Lair:1   | Reached skill level 9 in Fighting
  7568 | Lair:1   | 7568 ||| READING scroll labelled CEETEUTIGG.
  7598 | Lair:2   | 7598 ||| Stepping ~*~*~tactically~*~*~ (hiding).
  7599 | Lair:2   | 7599 ||| Stepping ~*~*~tactically~*~*~ (hiding).
  7620 | Lair:2   | 7620 ||| Stepping ~*~*~tactically~*~*~ (stealth).
  7622 | Lair:2   | 7622 ||| INVOKING Heroism.
  7632 | Lair:2   | Reached **** piety under Okawaru
  7638 | Lair:2   | Received a gift from Okawaru
  7655 | Lair:2   | 7655 ||| Stepping ~*~*~tactically~*~*~ (stealth).
  7657 | Lair:2   | 7657 ||| INVOKING Heroism.
  7685 | Lair:2   | 7685 ||| INVOKING Heroism.
  7725 | Lair:2   | Found a runed translucent door.
  7725 | Lair:2   | Noticed qw's ghost (journeyman GrHu)
  7727 | Lair:2   | Noticed a four-headed hydra
  7728 | Lair:2   | 7728 ||| INVOKING Heroism.
  7731 | Lair:2   | 7731 ||| Stepping ~*~*~tactically~*~*~ (stealth).
  7732 | Lair:2   | 7732 ||| SWAPPING to +0 morningstar.
  7734 | Lair:2   | Killed a four-headed hydra
  7735 | Lair:2   | Reached skill level 12 in Axes
  7735 | Lair:2   | 7735 ||| SWAPPING to +4 war axe of venom.
  7739 | Lair:2   | Reached skill level 6 in Invocations
  7759 | Lair:2   | 7759 ||| INVOKING Heroism.
  7765 | Lair:2   | Reached skill level 6 in Shields
  7832 | Lair:2   | Noticed a death yak
  7832 | Lair:2   | Noticed a death yak
  7833 | Lair:2   | 7833 ||| INVOKING Heroism.
  7833 | Lair:2   | Noticed a death yak
  7844 | Lair:2   | Killed a death yak
  7849 | Lair:2   | Killed a death yak
  7849 | Lair:2   | Received a gift from Okawaru
  7853 | Lair:2   | HP: 15/71 [death yak (10)]
  7854 | Lair:2   | 7854 ||| READING scroll of teleportation.
  7855 | Lair:2   | 7855 ||| DRINKING 4 potions of heal wounds.
  7856 | Lair:2   | Killed a death yak
  7857 | Lair:2   | Reached XP level 12. HP: 42/76 MP: 15/17
  7938 | Lair:2   | 7938 ||| INVOKING Heroism.
  7964 | Lair:2   | Found a dark tunnel.
  7989 | Lair:2   | 7989 ||| INVOKING Heroism.
  8007 | Lair:2   | 8007 ||| INVOKING Heroism.
  8142 | Lair:2   | Found a staircase to the Shoals.
  8189 | Lair:2   | 8189 ||| UPGRADING to +0 pair of boots.
  8194 | Lair:2   | 8194 ||| READING scroll labelled HUISAE YBEE.
  8226 | Lair:3   | 8226 ||| PLANNING GAUNTLET
  8229 | Lair:3   | 8229 ||| STAIRDANCE
  8240 | Lair:3   | 8240 ||| STAIRDANCE
  8242 | Lair:2   | 8242 ||| INVOKING Heroism.
  8268 | Lair:3   | 8268 ||| Stepping ~*~*~tactically~*~*~ (stealth).
  8271 | Lair:3   | 8271 ||| Stepping ~*~*~tactically~*~*~ (stealth).
  8285 | Lair:3   | Found a hole to the Spider Nest.
  8420 | Lair:3   | 8420 ||| Stepping ~*~*~tactically~*~*~ (stealth).
  8421 | Lair:3   | 8421 ||| Stepping ~*~*~tactically~*~*~ (stealth).
  8448 | Lair:3   | 8448 ||| Stepping ~*~*~tactically~*~*~ (stealth).
  8461 | Lair:3   | 8461 ||| INVOKING Heroism.
  8529 | Lair:3   | 8529 ||| Stepping ~*~*~tactically~*~*~ (stealth).
  8567 | Lair:3   | Found a gate leading to a gauntlet.
  8576 | Gauntlet | Entered a Gauntlet
  8576 | Gauntlet | Found a transporter.
  8576 | Gauntlet | Found a transporter.
  8597 | Gauntlet | Found a transporter.
  8598 | Gauntlet | Found a transporter.
  8598 | Gauntlet | Found a transporter.
  8630 | Gauntlet | Found a transporter.
  8634 | Gauntlet | Found a transporter.
  8636 | Gauntlet | Noticed a death yak
  8636 | Gauntlet | Noticed a death yak
  8636 | Gauntlet | Noticed a death yak
  8637 | Gauntlet | Noticed a death yak
  8638 | Gauntlet | Found a runed translucent door.
  8640 | Gauntlet | Found a runed translucent door.
  8642 | Gauntlet | Found a transporter.
  8655 | Gauntlet | Noticed a catoblepas
  8658 | Gauntlet | Found a transporter.
  8676 | Gauntlet | Found a transporter.
  8677 | Gauntlet | Found a transporter.
  8689 | Gauntlet | Found a transporter.
  8689 | Gauntlet | Found the +2 hat of the Bear Spirit {Spirit, Bear, *Rage
                  | Will++}
  8722 | Gauntlet | 8722 ||| INVOKING Heroism.
  8723 | Gauntlet | Identified the ring of Anamivex {*Corrode *Slow rC+ Str+10
                  | Dex+3}
  8734 | Gauntlet | Reached skill level 9 in Invocations
  8796 | Gauntlet | 8796 ||| UPGRADING to ring of Anamivex {*Corrode *Slow rC+
                  | Str+10 Dex+3}.
  8953 | Gauntlet | 8953 ||| READING scroll of brand weapon.
  8953 | Gauntlet | 8953 ||| BRANDING +4 war axe of venom.
  8961 | Gauntlet | 8961 ||| INVOKING Heroism.
  8965 | Gauntlet | Reached skill level 3 in Throwing
  8969 | Gauntlet | Killed a catoblepas
  8969 | Gauntlet | Reached ***** piety under Okawaru
  8969 | Gauntlet | Received a gift from Okawaru
  8975 | Gauntlet | HP: 14/77 [molten gargoyle/bolt of magma (23)]
  8976 | Gauntlet | 8976 ||| DRINKING 3 potions of heal wounds.
  8977 | Gauntlet | 8977 ||| DRINKING 2 potions of heal wounds.
  8981 | Gauntlet | HP: 18/77 [molten gargoyle/bolt of magma (19)]
  8982 | Gauntlet | 8982 ||| DRINKING potion of heal wounds.
  8985 | Gauntlet | Reached skill level 3 in Dodging
  9069 | Gauntlet | Identified the ring "Colot" {Fly rF++ rC++}
  9069 | Gauntlet | Noticed a minotaur
  9070 | Gauntlet | 9070 ||| INVOKING Heroism.
  9071 | Gauntlet | 9071 ||| INVOKING Finesse.
  9083 | Gauntlet | Killed a minotaur
  9131 | Gauntlet | Identified the +6 leather armour "Gaseas" {rN++ Str+2}
  9201 | Gauntlet | 9201 ||| UPGRADING to +3 plate armour of cold resistance.
  9211 | Gauntlet | 9211 ||| DROPPING +0 plate armour.
  9212 | Gauntlet | 9212 ||| DROPPING ring of fire.
  9213 | Gauntlet | 9213 ||| UPGRADING to ring "Colot" {Fly rF++ rC++}.
  9245 | Lair:3   | 9245 ||| PLANNING LAIR
  9264 | Lair:3   | 9264 ||| Stepping ~*~*~tactically~*~*~ (stealth).
  9266 | Lair:3   | 9266 ||| INVOKING Heroism.
  9333 | Lair:3   | 9333 ||| INVOKING Heroism.
  9351 | Lair:3   | Found a shimmering altar of Xom.
  9545 | Lair:3   | Reached skill level 9 in Armour
  9811 | Lair:4   | 9811 ||| INVOKING Heroism.
  9813 | Lair:4   | 9813 ||| Stepping ~*~*~tactically~*~*~ (stealth).
  9814 | Lair:4   | 9814 ||| Stepping ~*~*~tactically~*~*~ (stealth).
  9816 | Lair:4   | 9816 ||| Stepping ~*~*~tactically~*~*~ (stealth).
 10018 | Lair:4   | Noticed a six-headed hydra
 10019 | Lair:4   | 10019 ||| INVOKING Heroism.
 10020 | Lair:4   | 10020 ||| INVOKING Finesse.
 10020 | Lair:4   | Noticed Josephine
 10022 | Lair:4   | 10022 ||| SWAPPING to +0 morningstar.
 10023 | Lair:4   | Noticed a death yak
 10031 | Lair:4   | Killed a six-headed hydra
 10031 | Lair:4   | Noticed a death yak
 10032 | Lair:4   | Reached XP level 13. HP: 77/82 MP: 13/20
 10032 | Lair:4   | 10032 ||| SWAPPING to +4 war axe of chaos.
 10052 | Lair:4   | Killed Josephine
 10054 | Lair:4   | Received a gift from Okawaru
 10069 | Lair:4   | Reached skill level 13 in Axes
 10126 | Lair:4   | 10126 ||| INVOKING Heroism.
 10127 | Lair:4   | 10127 ||| INVOKING Finesse.
 10131 | Lair:4   | 10131 ||| SWAPPING to +0 morningstar.
 10138 | Lair:4   | 10138 ||| SWAPPING to +4 war axe of chaos.
 10194 | Lair:4   | 10194 ||| INVOKING Heroism.
 10198 | Lair:4   | Received a gift from Okawaru
 10211 | Lair:4   | 10211 ||| INVOKING Finesse.
 10355 | Lair:4   | Identified the +3 morningstar of Weutap {freeze, rElec
                  | rPois rN+ Dex+3}
 10357 | Lair:4   | 10357 ||| DROPPING +0 morningstar.
 10476 | Lair:4   | 10476 ||| UPGRADING to +0 helmet.
 10496 | Lair:5   | Entered Level 5 of the Lair of Beasts
 10522 | Lair:5   | 10522 ||| INVOKING Heroism.
 10599 | Lair:5   | 10599 ||| INVOKING Heroism.
 10636 | Lair:5   | 10636 ||| Stepping ~*~*~tactically~*~*~ (hiding).
 10665 | Lair:5   | 10665 ||| SWAPPING to +3 morningstar of Weutap {freeze,
                  | rElec rPois rN+ Dex+3}.
 10666 | Lair:5   | 10666 ||| INVOKING Heroism.
 10673 | Lair:5   | 10673 ||| SWAPPING to +4 war axe of chaos.
 10709 | Lair:5   | 10709 ||| Stepping ~*~*~tactically~*~*~ (stealth).
 10749 | Lair:5   | 10749 ||| INVOKING Heroism.
 10754 | Lair:5   | Received a gift from Okawaru
 10755 | Lair:5   | Reached skill level 14 in Axes
 10773 | Lair:5   | 10773 ||| INVOKING Heroism.
 10859 | Lair:5   | 10859 ||| INVOKING Heroism.
 10866 | Lair:5   | 10866 ||| SWAPPING to +3 morningstar of Weutap {freeze,
                  | rElec rPois rN+ Dex+3}.
 10881 | Lair:5   | 10881 ||| INVOKING Finesse.
 10885 | Lair:5   | 10885 ||| SWAPPING to +4 war axe of chaos.
 11082 | Lair:5   | 11082 ||| Stepping ~*~*~tactically~*~*~ (stealth).
 11092 | Lair:5   | Received a gift from Okawaru
 11097 | Lair:5   | 11097 ||| INVOKING Heroism.
 11098 | Lair:5   | 11098 ||| INVOKING Finesse.
 11107 | Lair:5   | 11107 ||| SWAPPING to +3 morningstar of Weutap {freeze,
                  | rElec rPois rN+ Dex+3}.
 11121 | Lair:5   | Gained mutation: Your large and strong wings let you fly.
                  | [Gargoyle growth]
 11121 | Lair:5   | Reached XP level 14. HP: 58/90 MP: 14/21
 11121 | Lair:5   | 11121 ||| SWAPPING to +4 war axe of chaos.
 11198 | Lair:5   | 11198 ||| Stepping ~*~*~tactically~*~*~ (hiding).
 11235 | Lair:5   | 11235 ||| Stepping ~*~*~tactically~*~*~ (hiding).
 11237 | Lair:5   | 11237 ||| Stepping ~*~*~tactically~*~*~ (hiding).
 11238 | Lair:5   | 11238 ||| Stepping ~*~*~tactically~*~*~ (hiding).
 11250 | Abyss:2  | Found a corrupted altar of Lugonu.
 11250 | Abyss:2  | Cast into level 2 of the Abyss (a wizard)
 11361 | Abyss:2  | 11361 ||| Stepping ~*~*~tactically~*~*~ (stealth).
 11371 | Abyss:2  | Received a gift from Okawaru
 11378 | Abyss:2  | 11378 ||| INVOKING Heroism.
 11416 | Abyss:2  | HP: 20/90 [rakshasa/+0 long sword (4)]
 11417 | Abyss:2  | 11417 ||| READING 2 scrolls of teleportation.
 11418 | Abyss:2  | 11418 ||| DRINKING potion of heal wounds.
 11496 | Abyss:2  | 11496 ||| Stepping ~*~*~tactically~*~*~ (hiding).
 11504 | Abyss:2  | 11504 ||| Stepping ~*~*~tactically~*~*~ (stealth).
 11517 | Abyss:2  | 11517 ||| Stepping ~*~*~tactically~*~*~ (stealth).
 11520 | Abyss:2  | 11520 ||| UPGRADING to +0 cloak.
 11525 | Abyss:2  | 11525 ||| DROPPING ring of positive energy.
 11546 | Abyss:2  | 11546 ||| Stepping ~*~*~tactically~*~*~ (stealth).
 11557 | Lair:5   | Escaped the Abyss
 11570 | Lair:5   | 11570 ||| Stepping ~*~*~tactically~*~*~ (stealth).
 11573 | Lair:5   | 11573 ||| Stepping ~*~*~tactically~*~*~ (stealth).
 11574 | Lair:5   | 11574 ||| Stepping ~*~*~tactically~*~*~ (stealth).
 11577 | Lair:5   | 11577 ||| Stepping ~*~*~tactically~*~*~ (stealth).
 11625 | Lair:5   | Received a gift from Okawaru
 11642 | Lair:5   | 11642 ||| SWAPPING to +1 broad axe of draining.
 11644 | Lair:5   | Found a burning altar of Makhleb.
 11647 | Lair:5   | 11647 ||| Stepping ~*~*~tactically~*~*~ (hiding).
 11649 | Lair:5   | 11649 ||| Stepping ~*~*~tactically~*~*~ (hiding).
 11650 | Lair:5   | 11650 ||| Stepping ~*~*~tactically~*~*~ (hiding).
 11669 | Lair:5   | Found a gateway to Hell.
 11753 | Lair:5   | 11753 ||| Stepping ~*~*~tactically~*~*~ (stealth).
 11788 | Lair:5   | Found a staircase to the Slime Pits.
 11789 | Lair:5   | Found a viscous altar of Jiyva.
 11846 | Lair:5   | Found an ornate altar of the Wu Jian Council.
 11848 | Lair:5   | 11848 ||| INVOKING Heroism.
 11849 | Lair:5   | 11849 ||| INVOKING Finesse.
 11863 | Lair:5   | Reached skill level 15 in Axes
 12150 | Lair:5   | 12150 ||| PLANNING D:1-11
 12245 | D:9      | 12245 ||| Stepping ~*~*~tactically~*~*~ (stealth).
 12255 | D:9      | 12255 ||| INVOKING Heroism.
 12256 | D:9      | 12256 ||| INVOKING Finesse.
 12274 | D:9      | Gained mutation: You are frail. (-10% HP) [a neqoxec]
 12280 | D:9      | Gained mutation: You passively dampen the noise of your
                  | surroundings. [a neqoxec]
 12314 | D:9      | 12314 ||| DRINKING potion of mutation.
 12314 | D:9      | Lost mutation: You passively dampen the noise of your
                  | surroundings. [potion of mutation]
 12314 | D:9      | Lost mutation: You are frail. (-10% HP) [potion of
                  | mutation]
 12314 | D:9      | Gained mutation: You are weak. (Str -2) [potion of
                  | mutation]
 12314 | D:9      | Gained mutation: Your magical capacity is low. (-10% MP)
                  | [potion of mutation]
 12314 | D:9      | Gained mutation: Your flesh is heat resistant. (rF+)
                  | [potion of mutation]
 12334 | D:9      | 12334 ||| Stepping ~*~*~tactically~*~*~ (stealth).
 12351 | D:9      | 12351 ||| Stepping ~*~*~tactically~*~*~ (stealth).
 12352 | D:9      | 12352 ||| Stepping ~*~*~tactically~*~*~ (stealth).
 12354 | D:9      | 12354 ||| Stepping ~*~*~tactically~*~*~ (hiding).
 12391 | D:9      | Noticed Erolcha
 12392 | D:9      | 12392 ||| Stepping ~*~*~tactically~*~*~ (hiding).
 12393 | D:9      | 12393 ||| INVOKING Heroism.
 12399 | D:9      | Killed Erolcha
 12512 | D:9      | Found a sacrificial altar of Ru.
 12563 | D:9      | Noticed Erica
 12564 | D:9      | 12564 ||| INVOKING Heroism.
 12570 | D:9      | Killed Erica
 12607 | D:9      | 12607 ||| DRINKING 6 potions of curing.
 12607 | D:9      | 12607 ||| (to cure confusion)
 12624 | D:9      | Found a glowing silver altar of Zin.
 12710 | D:9      | 12710 ||| Stepping ~*~*~tactically~*~*~ (hiding).
 12754 | D:9      | Found a staircase to the Orcish Mines.
 12828 | D:9      | 12828 ||| UPGRADING to +2 pair of gloves.
 12838 | D:9      | 12838 ||| DROPPING +1 pair of gloves.
 12839 | D:9      | 12839 ||| UPGRADING to ring of Anamivex {*Corrode *Slow rC+
                  | Str+10 Dex+3}.
 12841 | D:9      | 12841 ||| READING scroll labelled NOBI CE YD KUGH.
 12842 | D:9      | 12842 ||| READING 5 scrolls of identify.
 12842 | D:9      | 12842 ||| IDENTIFYING murky pink potion
 12843 | D:9      | 12843 ||| DROPPING potion of berserk rage.
 12857 | D:10     | Entered Level 10 of the Dungeon
 12963 | D:10     | Reached skill level 12 in Fighting
 12996 | D:10     | 12996 ||| FLEEEEING.
 12997 | D:10     | 12997 ||| FLEEEEING.
 13000 | D:10     | 13000 ||| FLEEEEING.
 13001 | D:10     | 13001 ||| FLEEEEING.
 13002 | D:10     | 13002 ||| FLEEEEING.
 13003 | D:10     | 13003 ||| FLEEEEING.
 13191 | D:10     | Found a glowing golden altar of the Shining One.
 13252 | D:10     | Found a basalt altar of Yredelemnul.
 13642 | D:11     | Found Saupirph's Book Boutique.
 13646 | D:11     | 13646 ||| INVOKING Heroism.
 13676 | D:11     | Found a shimmering blue altar of Sif Muna.
 13794 | D:11     | 13794 ||| READING scroll of enchant armour.
 13794 | D:11     | 13794 ||| ENCHANTING +0 helmet.
 14047 | D:11     | 14047 ||| Stepping ~*~*~tactically~*~*~ (stealth).
 14051 | D:11     | 14051 ||| Stepping ~*~*~tactically~*~*~ (stealth).
 14232 | D:11     | 14232 ||| DROPPING ring of magical power.
 14233 | D:11     | 14233 ||| Stepping randomly (disturbance).
 14403 | D:11     | 14403 ||| PLANNING D
 14444 | D:12     | 14444 ||| READING scroll of enchant weapon.
 14444 | D:12     | 14444 ||| ENCHANTING +1 broad axe of draining.
 14591 | D:12     | 14591 ||| Stepping ~*~*~tactically~*~*~ (stealth).
 14610 | D:12     | Noticed Kirke
 14611 | D:12     | 14611 ||| INVOKING Heroism.
 14612 | D:12     | Noticed a sphinx
 14630 | D:12     | HP: 22/92 [hog[Kirke] (10)]
 14631 | D:12     | 14631 ||| READING 9 scrolls of teleportation.
 14631 | D:12     | HP: 10/92 [hog[Kirke] (12)]
 14804 | D:12     | 14804 ||| INVOKING Heroism.
 14817 | D:12     | Killed Kirke
 15294 | D:12     | 15294 ||| DROPPING +2 pair of gloves.
 15458 | D:13     | Reached skill level 16 in Axes
 15464 | D:13     | 15464 ||| Stepping ~*~*~tactically~*~*~ (stealth).
 15468 | D:13     | 15468 ||| INVOKING Heroism.
 15583 | D:13     | Reached XP level 15. HP: 85/96 MP: 20/20
 15634 | D:13     | Noticed Rupert
 15635 | D:13     | 15635 ||| Stepping ~*~*~tactically~*~*~ (stealth).
 16305 | D:13     | 16305 ||| INVOKING Heroism.
 16311 | D:13     | Paralysed by Rupert for 4 turns
 16323 | D:13     | Killed Rupert
 16400 | D:13     | Received a gift from Okawaru
 16481 | D:13     | 16481 ||| READING 7 scrolls of identify.
 16481 | D:13     | 16481 ||| IDENTIFYING red potion
 16624 | D:14     | 16624 ||| Stepping ~*~*~tactically~*~*~ (hiding).
 16635 | D:14     | Received a gift from Okawaru
 16659 | D:14     | 16659 ||| Stepping ~*~*~tactically~*~*~ (hiding).
 16874 | D:14     | 16874 ||| Stepping ~*~*~tactically~*~*~ (hiding).
 16900 | D:14     | Reached skill level 12 in Armour
 16900 | D:14     | 16900 ||| Stepping ~*~*~tactically~*~*~ (hiding).
 16901 | D:14     | 16901 ||| Stepping ~*~*~tactically~*~*~ (hiding).
 16911 | D:14     | 16911 ||| INVOKING Heroism.
 16959 | Abyss:3  | Cast into level 3 of the Abyss (a wizard)
 17016 | Abyss:3  | 17016 ||| Stepping ~*~*~tactically~*~*~ (stealth).
 17018 | Abyss:3  | 17018 ||| Stepping randomly (disturbance).
 17019 | Abyss:3  | 17019 ||| Stepping randomly (disturbance).
 17020 | Abyss:3  | 17020 ||| Stepping ~*~*~tactically~*~*~ (stealth).
 17021 | Abyss:3  | 17021 ||| Stepping randomly (disturbance).
 17030 | Abyss:3  | 17030 ||| Stepping ~*~*~tactically~*~*~ (stealth).
 17069 | Abyss:3  | 17069 ||| Stepping ~*~*~tactically~*~*~ (stealth).
 17070 | Abyss:3  | 17070 ||| Stepping ~*~*~tactically~*~*~ (hiding).
 17097 | Abyss:3  | Gained mutation: You sometimes lose your temper in combat.
                  | [a neqoxec]
 17098 | Abyss:3  | Received a gift from Okawaru
 17105 | Abyss:3  | 17105 ||| Stepping ~*~*~tactically~*~*~ (stealth).
 17106 | Abyss:3  | 17106 ||| Stepping ~*~*~tactically~*~*~ (stealth).
 17125 | Abyss:3  | 17125 ||| Stepping ~*~*~tactically~*~*~ (stealth).
 17187 | Abyss:3  | 17187 ||| Stepping ~*~*~tactically~*~*~ (stealth).
 17188 | Abyss:3  | Noticed a tentacled starspawn
 17189 | Abyss:3  | 17189 ||| Stepping ~*~*~tactically~*~*~ (stealth).
 17192 | Abyss:3  | 17192 ||| Stepping ~*~*~tactically~*~*~ (hiding).
 17193 | Abyss:3  | 17193 ||| Stepping ~*~*~tactically~*~*~ (hiding).
 17205 | Abyss:3  | 17205 ||| INVOKING Heroism.
 17208 | Abyss:3  | Killed a tentacled starspawn
 17213 | D:14     | Escaped the Abyss
 17224 | D:14     | HP: 22/96 [something/fireball (22)]
 17233 | D:14     | HP: 23/96 [something (4)]
 17234 | D:14     | 17234 ||| READING 8 scrolls of teleportation.
 17238 | D:14     | 17238 ||| READING 7 scrolls of teleportation.
 17318 | D:14     | 17318 ||| Stepping ~*~*~tactically~*~*~ (stealth).
 17327 | D:14     | 17327 ||| Stepping ~*~*~tactically~*~*~ (hiding).
 17329 | D:14     | 17329 ||| Stepping ~*~*~tactically~*~*~ (hiding).
 17330 | D:14     | 17330 ||| Stepping ~*~*~tactically~*~*~ (hiding).
 17331 | D:14     | 17331 ||| Stepping ~*~*~tactically~*~*~ (hiding).
 17338 | D:14     | Identified the +4 chain mail of Focus {Dex+2} (Okawaru
                  | gifted it to you on level 14 of the Dungeon)
 17338 | D:14     | Received a gift from Okawaru
 17346 | D:14     | Reached skill level 17 in Axes
 17627 | D:14     | Noticed Frances
 17628 | D:14     | 17628 ||| INVOKING Heroism.
 17629 | D:14     | 17629 ||| INVOKING Finesse.
 17639 | D:14     | Killed Frances
 17798 | D:14     | Found a gate to the Vaults.
 17799 | D:14     | 17799 ||| DROPPING +4 war axe of chaos.
 17800 | D:14     | 17800 ||| DROPPING +0 war axe.
 17870 | D:14     | 17870 ||| DRINKING potion of mutation.
 17870 | D:14     | Lost mutation: You are weak. (Str -2) [potion of mutation]
 17870 | D:14     | Lost mutation: Your flesh is heat resistant. (rF+) [potion
                  | of mutation]
 17870 | D:14     | Lost mutation: Your magical capacity is low. (-10% MP)
                  | [potion of mutation]
 17870 | D:14     | Gained mutation: You have supernaturally acute eyesight.
                  | (SInv) [potion of mutation]
 17870 | D:14     | Gained mutation: You are agile. (Dex +4, Str/Int -1)
                  | [potion of mutation]
 17933 | D:14     | 17933 ||| DROPPING +4 chain mail of Focus {Dex+2}.
 17934 | D:14     | 17934 ||| DROPPING +4 ring of protection.
 17935 | D:14     | 17935 ||| UPGRADING to ring "Colot" {Fly rF++ rC++}.
 17937 | D:14     | 17937 ||| DROPPING ring of protection from cold.
 17966 | D:15     | Entered Level 15 of the Dungeon
 18006 | D:15     | 18006 ||| Stepping ~*~*~tactically~*~*~ (hiding).
 18104 | D:15     | 18104 ||| INVOKING Heroism.
 18162 | D:15     | 18162 ||| READING 7 scrolls of teleportation.
 18163 | D:15     | 18163 ||| INVOKING Heroism.
 18167 | D:15     | 18167 ||| READING 6 scrolls of teleportation.
 18220 | D:15     | 18220 ||| INVOKING Finesse.
 18222 | D:15     | 18222 ||| Stepping ~*~*~tactically~*~*~ (stealth).
 18224 | D:15     | 18224 ||| SWAPPING to +3 morningstar of Weutap {freeze,
                  | rElec rPois rN+ Dex+3}.
 18228 | D:15     | 18228 ||| SWAPPING to +2 broad axe of draining.
 18267 | D:15     | 18267 ||| Stepping ~*~*~tactically~*~*~ (stealth).
 18267 | D:15     | Found a white marble altar of Elyvilon.
 18274 | D:15     | 18274 ||| Stepping ~*~*~tactically~*~*~ (stealth).
 18288 | D:15     | 18288 ||| Stepping ~*~*~tactically~*~*~ (stealth).
 18339 | D:15     | Found a sparkling altar of Nemelex Xobeh.
 18448 | D:15     | 18448 ||| Stepping ~*~*~tactically~*~*~ (hiding).
 18452 | D:15     | 18452 ||| INVOKING Heroism.
 18582 | D:15     | Found a staircase to the Depths.
 18830 | D:15     | 18830 ||| PLANNING ORC
 18970 | Orc:1    | Entered Level 1 of the Orcish Mines
 19008 | Orc:1    | 19008 ||| INVOKING Heroism.
 19180 | Orc:2    | Entered Level 2 of the Orcish Mines
 19201 | Orc:2    | 19201 ||| Stepping ~*~*~tactically~*~*~ (stealth).
 19203 | Orc:2    | 19203 ||| Stepping ~*~*~tactically~*~*~ (stealth).
 19207 | Orc:2    | 19207 ||| Stepping ~*~*~tactically~*~*~ (hiding).
 19380 | Orc:2    | 19380 ||| Stepping ~*~*~tactically~*~*~ (hiding).
 19389 | Orc:2    | 19389 ||| INVOKING Heroism.
 19405 | Orc:2    | HP: 17/98 [orc priest/divine providence (13)]
 19406 | Orc:2    | 19406 ||| READING 5 scrolls of teleportation.
 19410 | Orc:2    | HP: 7/98 [orc priest/divine providence (14)]
 19569 | Orc:2    | 19569 ||| Stepping ~*~*~tactically~*~*~ (hiding).
 19572 | Orc:2    | Found Cenle's Jewellery Emporium.
 19578 | Orc:2    | 19578 ||| INVOKING Heroism.
 19590 | Orc:2    | 19590 ||| Stepping ~*~*~tactically~*~*~ (stealth).
 19593 | Orc:2    | Found Geassats's Antique Armour Shop.
 19615 | Orc:2    | Reached XP level 16. HP: 83/104 MP: 23/23
 19642 | Orc:2    | 19642 ||| BUYING amulet of faith (600 gold).
 19642 | Orc:2    | Bought an amulet of faith for 600 gold pieces
 19642 | Orc:2    | 19642 ||| BUYING amulet of reflection (450 gold).
 19642 | Orc:2    | Bought an amulet of reflection for 450 gold pieces
 19657 | Orc:2    | 19657 ||| SHOPLISTING runed shadow dragon scales (2656
                  | gold, have 383).
 19683 | Orc:2    | 19683 ||| Stepping ~*~*~tactically~*~*~ (stealth).
 19684 | Orc:2    | 19684 ||| Stepping ~*~*~tactically~*~*~ (stealth).
 19688 | Orc:2    | 19688 ||| Stepping ~*~*~tactically~*~*~ (stealth).
 19692 | Orc:2    | 19692 ||| Stepping ~*~*~tactically~*~*~ (stealth).
 19693 | Orc:2    | 19693 ||| Stepping ~*~*~tactically~*~*~ (stealth).
 19695 | Orc:2    | 19695 ||| Stepping ~*~*~tactically~*~*~ (hiding).
 19699 | Orc:2    | 19699 ||| INVOKING Heroism.
 19705 | Orc:2    | Reached skill level 6 in Throwing
 19725 | Orc:2    | 19725 ||| Stepping ~*~*~tactically~*~*~ (hiding).
 19729 | Orc:2    | 19729 ||| INVOKING Heroism.
 19750 | Orc:2    | Found Yzok's Magic Scroll Shop.
 19750 | Orc:2    | Found Kyufaz's Jewellery Emporium.
 19817 | Orc:2    | 19817 ||| BUYING scroll of identify (32 gold).
 19817 | Orc:2    | Bought a scroll of identify for 32 gold pieces
 19817 | Orc:2    | 19817 ||| BUYING scroll of teleportation (48 gold).
 19817 | Orc:2    | Bought a scroll of teleportation for 48 gold pieces
 19826 | Orc:2    | 19826 ||| SHOPLISTING +5 ring of evasion (432 gold, have
                  | 358).
 19957 | Orc:2    | Found Epnio's Jewellery Emporium.
 19960 | Orc:2    | 19960 ||| SHOPLISTING ring of Optimism {rElec rC- rN++ AC+4
                  | SInv} (634 gold, have 482).
 19997 | Orc:2    | Found a staircase to the Elven Halls.
 20013 | Orc:2    | 20013 ||| DROPPING scarf of harm.
 20014 | Orc:2    | 20014 ||| UPGRADING to amulet of faith.
 20024 | Orc:2    | 20024 ||| DROPPING amulet of regeneration.
 20334 | Orc:2    | 20334 ||| PLANNING SPIDER:1-3
 20494 | Spider:1 | Entered Level 1 of the Spider Nest
 20510 | Spider:1 | 20510 ||| INVOKING Heroism.
 20528 | Spider:1 | HP: 22/104 [wolf spider (8)]
 20529 | Spider:1 | 20529 ||| READING 5 scrolls of teleportation.
 20529 | Spider:1 | HP: 10/104 [wolf spider (3)]
 20559 | Spider:1 | 20559 ||| INVOKING Heroism.
 20595 | Spider:1 | HP: 20/104 [demonic crawler (8)]
 20596 | Spider:1 | 20596 ||| READING 4 scrolls of teleportation.
 20600 | Spider:1 | HP: 21/104 [demonic crawler (1)]
 20603 | Spider:1 | 20603 ||| READING 3 scrolls of teleportation.
 20603 | Spider:1 | HP: 5/104 [culicivora (15)]
 20604 | Spider:1 | 20604 ||| INVOKING Heroism.
 20643 | Spider:1 | 20643 ||| INVOKING Heroism.
 20644 | Spider:1 | 20644 ||| READING 2 scrolls of teleportation.
 20649 | Spider:1 | 20649 ||| READING scroll of teleportation.
 20655 | Spider:1 | HP: 14/104 [demonic crawler (9)]
 20661 | Spider:1 | HP: 6/104 [tarantella (2)]
 20662 | Spider:1 | Slain by a demonic crawler

Levels and vault maps discovered:
D:1:      evilmike_arrival_hilbert_curve, layout_rooms
D:2:      layout_loops_ring, nicolae_ecumenical_pavilion
D:3:      layout_basic, mainiacjoe_overflow_alcove_2,
          mainiacjoe_overflow_concentric_impassable
D:4:      layout_loops_ring, nicolae_hepliaklqana_hippocampus
D:5:      layout_layer_cave, nicolae_overflow_hidden_temple,
          grunt_decor_junction
D:6:      layout_loops_corners, serial_shops, shop_fountains
D:7:      layout_rooms, general_overflow_altar,
          mainiacjoe_overflow_divided_tiny, temple_statues
D:8:      layout_rooms, jmf_multi_god_temple2, mainiacjoe_overflow_brackets,
          due_lair_maze_entry_diamond, minmay_misc_feat_pillars
D:9:      layout_rooms, lemuel_round_altar, kennysheep_mini, hiddenorc1_lemuel,
          uniq_erica, uniq_erolcha
D:10:     layout_loops_ring, tso_metal_star, mainiacjoe_overflow_tiny_flanked,
          nicolae_wwwww
D:11:     layout_stronghold, serial_shops,
          nicolae_shop_competitors_out_of_business,
          nicolae_sif_muna_condensation
D:12:     layout_basic, uniq_kirke
D:13:     layout_grid_maze, uniq_rupert
D:14:     layout_loops_ring, grunt_vaults_entry_tiered, serial_bayou_pond_e,
          uniq_frances, uniq_louise
D:15:     grunt_enter_depths_hoard, layout_small_grid,
          nicolae_elyvilon_temple_path, minmay_gold_behind_fungi,
          nemelex_diamond_rough_becter
Temple:   hellmonk_temple_micro_hex
Lair:1:   wander_river, layout_misc_corridors, evilmike_ambush
          [evilmike_ambush_outer_doors, evilmike_ambush_inner_basic],
          uniq_maggie
Lair:2:   layout_hall_layers, minmay_shoals_entry_centaurs,
          lightli_volcano_entry_magma_tube, hellmonk_ghost_happy_afterlife
Lair:3:   layout_concentric_octagons, nicolae_spider_entry_non_spiders,
          basic_altar, gauntlet_entry_generic, serial_bayou_shore_a
Lair:4:   layout_hall_layers, nicolae_lair_yak_garden,
          infiniplex_staircase_pool_2, grunt_megastairs_3, uniq_josephine
Lair:5:   evil_forest, layout_cave_shapes, slime_entry_1, lemuel_oklob_altar
Spider:1: nicolae_spider_corner, guppyfry_spider_mini_2,
          hangedman_spider_tarantella_strand
Orc:1:    nicolae_orc_accident_3, layout_diamond_mine
Orc:2:    st_orc_town, layout_diamond_mine, serial_shops,
          nicolae_shop_behind_doors, nicolae_orc_rockfall,
          dreamdust_deal_with_the_devil

Skill      XL: |  1  2  3  4  5  6  7  8  9 10 11 12 13 14 15 16 |
---------------+-------------------------------------------------+-----
Axes           | 2 3 4 5 6 7 9 10 11 12 14 16 17 | 17.8
Fighting       | 4 5 6 8 9 10 11 12 13 | 13.0
Dodging        | 1 2 3 4 |  4.3
Throwing       | 1 4 5 6 |  6.0
Shields        | 4 5 6 7 8 |  8.2
Invocations    | 4 7 10 | 10.1
Armour         | 4 7 8 9 10 11 13 | 13.0

Action                     |  1- 3 |  4- 6 |  7- 9 | 10-12 | 13-15 | 16-18 || total
---------------------------+-------+-------+-------+-------+-------+-------++-------
  Melee: War axe           |    73 |   122 |   192 |   365 |   327 |       ||  1079
         Morningstar       |       |       |       |    10 |    42 |       ||    52
         Broad axe         |       |       |       |       |   702 |   103 ||   805
         Unarmed           |       |       |       |       |    12 |       ||    12
  Throw: Boomerang         |       |    11 |    66 |    61 |   180 |    15 ||   333
         Javelin           |       |       |       |    38 |    94 |     2 ||   134
 Invoke: Heroism           |       |       |     5 |    25 |    28 |     6 ||    64
         Finesse           |       |       |       |     2 |     8 |       ||    10
    Use: Scroll            |     5 |     8 |     7 |     7 |    12 |     5 ||    44
         Potion            |       |     2 |       |     4 |     4 |       ||    10
   Stab: Petrified         |       |       |       |       |     8 |       ||     8
 Armour: Scale mail        |    30 |    14 |       |       |       |       ||    44
         Chain mail        |       |    27 |   103 |     4 |       |       ||   134
         Plate armour      |       |       |       |   137 |   555 |   120 ||   812
  Dodge: Dodged            |    24 |    50 |   126 |   170 |   530 |   132 ||  1032
  Block: Buckler           |    11 |    19 |    40 |    63 |   272 |    71 ||   476

Table legend:
 A = Non-vault XP
 B = Vault XP
 C = Vault XP percentage of total XP
 D = Non-vault monster count
 E = Vault monster count
 F = Vault count percentage of total count
                 A         B        C        D         E       F
            +---------+---------+-------+---------+---------+-------
      Total |   93138 |   49968 |  34.9 |     436 |     196 |  31.0
            +---------+---------+-------+---------+---------+-------
        D:1 |      42 |       0 |   0.0 |      23 |       0 |   0.0
        D:2 |      79 |       0 |   0.0 |      24 |       0 |   0.0
        D:3 |      26 |       0 |   0.0 |       9 |       0 |   0.0
        D:4 |     132 |       0 |   0.0 |      12 |       0 |   0.0
        D:5 |     553 |       0 |   0.0 |      17 |       0 |   0.0
        D:6 |    1063 |       0 |   0.0 |      30 |       0 |   0.0
        D:7 |    1386 |       0 |   0.0 |      19 |       0 |   0.0
        D:8 |     689 |    1572 |  69.5 |      11 |       9 |  45.0
        D:9 |    2069 |    2106 |  50.4 |      15 |      19 |  55.9
       D:10 |    2099 |       0 |   0.0 |      17 |       0 |   0.0
       D:11 |    3253 |       0 |   0.0 |      12 |       0 |   0.0
       D:12 |    3988 |    2128 |  34.8 |      11 |       5 |  31.2
       D:13 |    6382 |    1691 |  20.9 |      15 |       1 |   6.2
       D:14 |    8032 |    8532 |  51.5 |      19 |      25 |  56.8
       D:15 |    6807 |    1753 |  20.5 |      16 |       2 |  11.1
     Lair:1 |    3323 |     875 |  20.8 |      12 |       3 |  20.0
     Lair:2 |   10199 |     805 |   7.3 |      29 |       4 |  12.1
     Lair:3 |    4290 |      26 |   0.6 |      20 |       7 |  25.9
     Lair:4 |    6795 |    4123 |  37.8 |      14 |      11 |  44.0
     Lair:5 |   11333 |    9692 |  46.1 |      28 |      27 |  49.1
   Spider:1 |    7761 |    1949 |  20.1 |      28 |       7 |  20.0
      Orc:1 |     630 |     773 |  55.1 |       9 |       6 |  40.0
      Orc:2 |     517 |    7858 |  93.8 |      11 |      55 |  83.3
    Abyss:2 |    4770 |       0 |   0.0 |      17 |       0 |   0.0
    Abyss:3 |    6920 |     814 |  10.5 |      18 |       1 |   5.3
   Gauntlet |       0 |    5271 | 100.0 |       0 |      14 | 100.0
            +---------+---------+-------+---------+---------+-------
